 Dungeon Crawl Stone Soup version 0.29-a0-284-gf9362112df (webtiles) character file.

Game seed: 2016214186839381256

1997 sammy202020 the Chopper (level 9, -7/75 HPs)
             Began as a Palentonga Berserker on Mar 23, 2022.
             Was a Believer of Trog.
             Mangled by a vampire mosquito (8 damage)
             ... on level 6 of the Dungeon.
             The game lasted 00:10:49 (6503 turns).

sammy202020 the Chopper (Palentonga Berserker)      Turns: 6503, Time: 00:10:50

Health: -7/75      AC: 14    Str: 20    XL:     9   Next: 2%
Magic:  0/18       EV: 10    Int: 11    God:    Trog [**....]
Gold:   120        SH:  0    Dex: 13    Spells: 8/8 levels left

rFire   . . .      SeeInvis +   a - +1 hand axe
rCold   + . .      Faith    .   (no shield)
rNeg    . . .      Spirit   +   k - +1 ring mail
rPois   +          Reflect  .   (helmet restricted)
rElec   .          Harm     .   (no cloak)
rCorr   .          Rampage  .   (no gloves)
Will    .....                   (no barding)
Stlth   +.........              q - amulet of guardian spirit
HPRegen 0.22/turn               c - ring of poison resistance
MPRegen 0.16/turn               s - ring of magical power

@: on berserk cooldown, slowed, curled up, very slow
A: large, rugged brown scales 3, see invisible, deformed body, roll 1, armoured
tail, reflexive curl, horns 1, agile 1, cold resistance 1, mutation resistance
1, wild magic 1, MP-powered wands
a: Rolling Charge, Renounce Religion, Berserk, Trog's Hand


You were on level 6 of the Dungeon.
You worshipped Trog.
Trog was pleased with you.
You visited 1 branch of the dungeon, and saw 6 of its levels.

You collected 320 gold pieces.
You spent 200 gold pieces at shops.

Inventory:

Hand Weapons
 a - a +1 hand axe (weapon)
 u - a +0 mace of protection
Armour
 k - a +1 ring mail (worn)
Jewellery
 c - a ring of poison resistance (left hand)
 f - a +6 ring of strength
 i - a +6 ring of intelligence
 p - an amulet of regeneration
 q - an amulet of guardian spirit (around neck)
 s - a ring of magical power (right hand)
Wands
 b - a wand of flame (16)
 m - a wand of mindburst (24)
 v - a wand of charming (6)
Scrolls
 d - 2 scrolls of teleportation
 h - 2 scrolls of amnesia
 j - a scroll of blinking
 w - a scroll of enchant armour
Potions
 e - 2 potions of heal wounds
 g - a potion of lignification
 l - a potion of cancellation
 n - 2 potions of brilliance
 o - 2 potions of curing {unknown}
 r - 3 potions of attraction
 t - a potion of flight {unknown}
 x - a potion of ambrosia {unknown}


   Skills:
 * Level 6.9 Fighting
 * Level 7.0 Axes
 * Level 5.4 Armour
 + Level 4.0 Dodging


You had 8 spell levels left.
You didn't know any spells.
Your spell library was empty.

Dungeon Overview and Level Annotations

Branches:
Dungeon (6/15)
 Temple: D:4-7

Altars:
Gozag
Makhleb
Vehumet
Wu Jian
Yredelemnul
The Shining One

Shops:
D:1 (   D:5 =   D:6 (


Innate Abilities, Weirdness & Mutations

You are completely covered in rugged brown scales. (AC +3, +7% HP)
You have supernaturally acute eyesight. (SInv)
Armour fits poorly on your strangely shaped body.
You can roll at nearby foes to attack.
You have a long armoured tail.
You curl defensively after being hit. (AC +7*)
You have a pair of small horns on your head.
You are agile. (Dex +2)
Your flesh is cold resistant. (rC+)
You are somewhat resistant to further mutation.
Your spells are a little harder to cast, but a little more powerful.
You expend magic power (3 MP) to strengthen your wands.


Message History

The vampire mosquito closely misses you.
You miss the vampire mosquito.
The vampire mosquito is almost destroyed.
The vampire mosquito bites you but does no damage.
The vampire mosquito bites you.
* * * LOW HITPOINT WARNING * * *
The vampire mosquito draws strength from your injuries!
You are too berserk!
Okay, then.
You slash the vampire mosquito!
You destroy the vampire mosquito!
Trog accepts your kill.
The howler monkey hoots and howls with incredible vigour!
The vampire mosquito barely misses you.
Your Axes skill increases to level 7!
Your Dodging skill increases to level 4!
You have reached level 9!
Your experience leads to an increase in your attributes!
Your base attributes are Str 20, Int 11, Dex 9.
Increase (S)trength, (I)ntelligence, or (D)exterity?
You feel agile. x2
You hit the vampire mosquito.
Your headbutt misses the vampire mosquito.
You tail-slap the vampire mosquito.
The vampire mosquito is moderately damaged.
The vampire mosquito bites you!
* * * LOW HITPOINT WARNING * * *
The vampire mosquito draws strength from your injuries!
You are too berserk!
The vampire mosquito attacks as you move away!
The vampire mosquito bites you.
* * * LOW HITPOINT WARNING * * *
The vampire mosquito draws strength from your injuries!
The vampire mosquito attacks as you move away!
The vampire mosquito bites you but does no damage.
You feel a strong urge to attack something.
You are no longer berserk.
You are exhausted.
You feel yourself slow down. The vampire mosquito bites you!
You die...

##.....#####...........)........
..>............##.###.##........
#.#......∩.....##.#
#.###########
#.#.##..........#.#
#............
..#.#.............#
#..##########
###....#..###.#.### #..# #.
########..###.#..####..# ###.
..†........##..........# #...
########.....###@####.## #.##
†......÷.....# #y.# #.# #.#
############## ##.# #.# ###.#
#h###) #...## #..# #.....
.............# ######
##.#........... #.####.#..## #.
.#..#


You could see a vampire mosquito and a howler monkey.

Vanquished Creatures
  Sigmund (D:5)
  3 vampire mosquitoes (D:6)
  2 sky beasts
  2 ogres
  A phantom (D:5)
  Blork the orc (D:4)
  A necrophage (D:6)
  3 scorpions
  2 howler monkeys
  3 jellies
  2 orc priests
  5 hounds
  4 iguanas
  2 orc wizards
  9 adders
  A gnoll (D:3)
  A shadow imp (D:6)
  A white imp (D:4)
  A worm (D:3)
  4 dart slugs
  11 orcs
  7 endoplasms
  3 giant cockroaches (D:1)
  9 hobgoblins
  2 jackals (D:1)
  4 quokkas
  5 ball pythons
  5 bats
  2 frilled lizards
  2 goblins
  3 kobolds (D:1)
  4 rats
106 creatures vanquished.

Vanquished Creatures (others)
  An orc wizard (D:5)
  A plant (D:6)
2 creatures vanquished.

Grand Total: 108 creatures vanquished

Notes
Turn   | Place    | Note
-------+----------+-------------------------------------------
     0 | D:1      | sammy202020 the Palentonga Berserker began the quest for
                  | the Orb.
     0 | D:1      | Reached XP level 1. HP: 19/19 MP: 1/1
    84 | D:1      | Reached XP level 2. HP: 13/25 MP: 2/2
   341 | D:1      | Found Guokk's Antique Weapon Shoppe.
   484 | D:1      | Reached ** piety under Trog
   602 | D:1      | Reached XP level 3. HP: 31/31 MP: 3/3
  1683 | D:3      | Found a glowing golden altar of the Shining One.
  1684 | D:3      | Found an ornate altar of the Wu Jian Council.
  1684 | D:3      | Found a radiant altar of Vehumet.
  1685 | D:3      | Found a burning altar of Makhleb.
  2005 | D:3      | Reached XP level 4. HP: 34/37 MP: 4/4
  2054 | D:3      | Found an opulent altar of Gozag.
  2436 | D:3      | Found a faded altar of an unknown god.
  2782 | D:3      | You fall into a shaft and drop 2 floors!
  2782 | D:5      | Entered Level 5 of the Dungeon
  2791 | D:5      | Noticed a scorpion
  2812 | D:4      | Reached skill level 4 in Axes
  2817 | D:4      | Noticed a sky beast
  2827 | D:4      | Reached XP level 5. HP: 40/44 MP: 5/5
  2833 | D:4      | Killed a sky beast
  2834 | D:4      | Reached XP level 6. HP: 40/51 MP: 6/6
  3521 | D:4      | Found a basalt altar of Yredelemnul.
  3794 | D:4      | Noticed Blork the orc
  3817 | D:4      | Killed Blork the orc
  3818 | D:4      | Reached skill level 5 in Axes
  3818 | D:4      | Gained mutation: You curl defensively after being hit. (AC
                  | +7*) [Palentonga growth]
  3818 | D:4      | Reached XP level 7. HP: 23/58 MP: 6/7
  4404 | D:5      | Noticed Sigmund
  4407 | D:5      | Reached skill level 5 in Fighting
  4436 | D:5      | Killed Sigmund
  4437 | D:5      | Reached XP level 8. HP: 14/68 MP: 3/8
  4872 | D:5      | Reached skill level 6 in Axes
  5016 | D:5      | Found Yfifonla's Jewellery Shop.
  5017 | D:5      | Gained mutation: Your spells are a little harder to cast,
                  | but a little more powerful. [potion of mutation]
  5017 | D:5      | Gained mutation: You are frail. (-10% HP) [potion of
                  | mutation]
  5017 | D:5      | Gained mutation: Your flesh is cold resistant. (rC+)
                  | [potion of mutation]
  5017 | D:5      | Gained mutation: You are strong-willed. (Will+) [potion of
                  | mutation]
  5018 | D:5      | Lost mutation: You are strong-willed. (Will+) [potion of
                  | mutation]
  5018 | D:5      | Lost mutation: You are frail. (-10% HP) [potion of
                  | mutation]
  5018 | D:5      | Gained mutation: You expend magic power (3 MP) to
                  | strengthen your wands. [potion of mutation]
  5018 | D:5      | Gained mutation: You have a pair of small horns on your
                  | head. [potion of mutation]
  5018 | D:5      | Gained mutation: You are agile. (Dex +2) [potion of
                  | mutation]
  5018 | D:5      | Gained mutation: You are somewhat resistant to further
                  | mutation. [potion of mutation]
  5029 | D:5      | Bought a ring of poison resistance for 200 gold pieces
  6017 | D:6      | Found Qemuts's Hydra Hut.
  6022 | D:6      | Noticed an eight-headed hydra
  6081 | D:6      | Reached skill level 5 in Armour
  6501 | D:6      | Reached skill level 7 in Axes
  6501 | D:6      | Reached XP level 9. HP: 8/75 MP: 1/9
  6501 | D:6      | HP: 2/112 [vampire mosquito (6)]
  6503 | D:6      | Mangled by a vampire mosquito

Illustrated notes

Levels and vault maps discovered:
D:1:      moated_graveyard_arrival, layout_basic, serial_shops,
          nicolae_shop_hallway_stairs, minmay_heptomino_h4
D:2:      kennysheep_big_flooded_room, layout_loops_ring
D:3:      layout_basic, chequers_temple_overflow_statue_of_worship,
          marbit_many_paths, chequers_ecumenical_altar_simple_redux,
          grunt_decor_mini_mirrors, kennysheep_generic_room_11
D:4:      layout_basic, kennysheep_mini_moat, serial_bayou_pond_e,
          minmay_bisected, uniq_blork_the_orc
D:5:      layout_layer_cave, nicolae_stop_n_shop_2, minmay_circle_x,
          uniq_sigmund
D:6:      layout_basic, doesnt_shop_hydraphobe

Skill      XL: |  1  2  3  4  5  6  7  8 |
---------------+-------------------------+-----
Armour         | 2 3 4 5 |  5.4
Dodging        | 2 3 4 |  4.0
Axes           | 4 5 7 |  7.0
Fighting       | 4 5 6 |  6.9

Action                   |  1- 3 |  4- 6 |  7- 9 || total
-------------------------+-------+-------+-------++-------
Melee: Hand axe          |   110 |   123 |   127 ||   360
       Tailslap          |    11 |     6 |    24 ||    41
       Punch             |     1 |     3 |     2 ||     6
       Headbutt          |       |       |    23 ||    23
Invok: Berserk           |       |     3 |     4 ||     7
       Trog's Hand       |       |     1 |     2 ||     3
  Use: Scroll            |    10 |     3 |     4 ||    17
       Potion            |       |       |     3 ||     3
Armor: Animal skin       |    40 |       |       ||    40
       Ring mail         |    12 |    63 |    69 ||   144
Dodge: Dodged            |    70 |    69 |    62 ||   201

Table legend: (Time is in decaauts)
 A = Elapsed time spent in this place.
 B = Non-inter-level travel time spent in this place.
 C = Inter-level travel time spent in this place.
 D = Time resting spent in this place.
 E = Time spent auto-exploring this place.
 F = Levels seen in this place.
 G = Mean time per level.
                   A        B        C        D        E       F      G
               +--------+--------+--------+--------+--------+-----+--------+
         Total |   6572 |   6399 |    173 |    194 |   5194 |   6 | 1095.3 |
       Dungeon |   6572 |   6399 |    173 |    194 |   5194 |   6 | 1095.3 |
               +--------+--------+--------+--------+--------+-----+--------+

Top non-repeatable levels by time:
     D:4: 1684 daAuts
     D:3: 1448 daAuts
     D:6: 1028 daAuts
     D:1: 980 daAuts
     D:5: 720 daAuts
     D:2: 709 daAuts
